 Dungeon Crawl Stone Soup version 0.15-a0-23-gfd8676b (webtiles) character file.

75 Froboctopus the Caller (level 2, 0/19 HPs)
             Began as a Merfolk Summoner on Mar 31, 2014.
             Slain by a hobgoblin (2 damage)
             ... on Level 1 of the Dungeon.
             The game lasted 00:02:24 (840 turns).

Froboctopus the Caller (Merfolk Summoner)            Turns: 840, Time: 00:02:24

HP   0/19        AC  2     Str  8      XL: 2   Next: 29%
MP   1/5         EV 13     Int 19      God:
Gold 64          SH  0     Dex 14      Spells:  1 memorised,  4 levels left

rFire  . . .     SeeInvis .     (no weapon)
rCold  . . .     Clarity  .     a - +0 robe
rNeg   . . .     Conserve .     (no shield)
rPois  .         rCorr    .     (no helmet)
rElec  .         rRot     .     (no cloak)
SustAb . .       Spirit   .     (no gloves)
rMut   .         Warding  .     (no boots)
Saprov . . .     Stasis   .     (no amulet)
MR     .....                    (no ring)
                                (no ring)

@: brilliant, very slightly contaminated, hasted, very quick, not resistant to
hostile enchantments, fairly stealthy
A: change form in water, swift swim
a: no special abilities


You were on level 1 of the Dungeon.
You were not hungry.

You visited 1 branch of the dungeon, and saw 1 of its levels.

You collected 64 gold pieces.

Inventory:

Armour
 a - a +0 robe (worn)
Comestibles
 c - a bread ration
 g - a pear
Scrolls
 d - a scroll of enchant weapon II {unknown}
 f - 4 scrolls of identify {unknown}
 j - a scroll of amnesia {unknown}
 k - a scroll of noise {unknown}
 l - a scroll of enchant armour {unknown}
Books
 b - a book of Callings

   Spells                             Type                      Level
   *Summon Small Mammal               Summoning                    1
   Call Imp                           Summoning                    2
   Call Canine Familiar               Summoning                    3
   Summon Guardian Golem              Hexes/Summoning              4
   Summon Lightning Spire             Summoning/Air                4
   Summon Ice Beast                   Ice/Summoning                4


   Skills:
 + Level 3.0 Dodging
 - Level 2.1 Stealth
 * Level 2.3 Spellcasting
 * Level 4.1 Summonings


You had 4 spell levels left.
You knew the following spells:

 Your Spells              Type           Power        Failure   Level  Hunger
a - Summon Small Mammal   Summ           ####         1%          1    #......


Dungeon Overview and Level Annotations

Branches:
Dungeon (1/15)

Altars:


Message History

You hit the bat but do no damage.
The bat is heavily wounded.
The bat hits you but does no damage. The bat hits you.
* * * LOW HITPOINT WARNING * * *
The bat barely misses you. The bat closely misses you.
The giant cockroach waves its antennae.
The bat closely misses you.
Drink which item? (? for menu, Esc to quit)
You feel clever all of a sudden.
It was a potion of brilliance.
The bat misses you. The bat hits you but does no damage.
Drink which item? (? for menu, Esc to quit)
You feel refreshed.
It was a potion of restore abilities.
The bat hits you but does no damage. The bat barely misses you.
The hobgoblin misses you.
Drink which item? (? for menu, Esc to quit)
You feel yourself speed up.
It was a potion of haste.
The bat misses you. The hobgoblin hits you.
You die...

......#.#.......# #..#
####..).#.......# #..#
.###...#..###..# #..#
..###..#..# #..#####..#
..##..#..# #.........#
r..#..#..###.........#
##..#s.#.......gg..g..#
##..##..#....b.sg####.r#
#...##..#.......@# #..#
...g.r.s#..####..# #..#
.######.#..# #..# #..# #
##....# #..####g.# .#
##..#..# #.......g# .#
##...#..####...g....#
.###....#.........r....#
###.....#.........###..#
..'.....#.........# #..#


You could see a giant cockroach, 2 hobgoblins, a goblin and a bat.

Vanquished Creatures
  A hobgoblin (D:1)
  A giant newt (D:1)
  A jackal (D:1)
3 creatures vanquished.

Vanquished Creatures (collateral kills)
  2 bats (D:1)
  A goblin (D:1)
  3 hobgoblins (D:1)
  2 giant cockroaches (D:1)
  A giant newt (D:1)
  2 jackals (D:1)
11 creatures vanquished.

Vanquished Creatures (others)
  5 bats (D:1)
  4 rats (D:1)
9 creatures vanquished.

Grand Total: 23 creatures vanquished

Notes
Turn   | Place    | Note
--------------------------------------------------------------
     0 | D:1      | Froboctopus, the Merfolk Summoner, began the quest for the Orb.
     0 | D:1      | Reached XP level 1. HP: 13/13 MP: 3/3
   478 | D:1      | Reached XP level 2. HP: 11/19 MP: 0/5
   840 | D:1      | Slain by a hobgoblin

Action                   || total
-------------------------++-------
Melee: Unarmed           ||    51
 Cast: Summon Small Mamm ||    27
  Use: Potion            ||     3
 Stab: Distracted        ||     1
       Sleeping          ||     1
